 Dungeon Crawl Stone Soup version 0.30-a0-341-g682706514a (webtiles) character file.

Game seed: 13217449809000145825

264689 blackman the Scorcher (level 20, 0/136 HPs)
             Began as a Human Delver on Nov 3, 2022.
             Was the Champion of Hepliaklqana.
             Killed from afar by a crystal guardian (43 damage)
             ... with a crystal bolt
             ... led by a peacekeeper
             ... on level 4 of the Vaults.
             The game lasted 02:25:26 (34754 turns).

blackman the Scorcher (Human Delver)               Turns: 34754, Time: 02:25:27

Health: 0/136      AC: 17    Str: 12    XL:     20   Next: 88%
Magic:  13/44      EV: 15    Int: 41    God:    Hepliaklqana [******]
Gold:   1772       SH:  4    Dex: 12    Spells: 22/42 levels left

rFire   x x .      SeeInvis .    A - +3 spear (venom)
rCold   + . .      Faith    .    b - +1 buckler of the Sturgeon {MP+9 Int+3}
rNeg    . . .      Spirit   .    L - +4 troll leather armour
rPois   .          Reflect  .    k - +0 hat of Huothugi {Contam rElec rF- Int+8}
rElec   +          Harm     .    w - +2 cloak
rCorr   +          Rampage  .    I - +2 pair of gloves
Will    +....                    d - +2 pair of boots
Stlth   +++.......               v - amulet of magic regeneration
HPRegen 1.22/turn                K - ring of the Ancients {Ice *Slow rCorr Str+2 Int+8}
MPRegen 0.69/turn                a - ring of Suspicion {Fly rElec Str-4 Int+6 Dex-5}

@: spiked, flying
A: reduced essence
}: 2/15 runes: barnacled, gossamer
a: Renounce Religion, Recall Ancestor, Ancestor Identity, Transference, Idealise


You were on level 4 of the Vaults.
You worshipped Hepliaklqana.
Hepliaklqana was exalted by your worship.
You visited 7 branches of the dungeon, and saw 34 of its levels.

You collected 3355 gold pieces.
You spent 1583 gold pieces at shops.

Inventory:

Hand Weapons
 A - a +3 spear of venom (weapon)
Missiles
 h - 50 poisoned darts (quivered)
 W - 5 throwing nets
Armour
 b - the +1 buckler of the Sturgeon (worn) {MP+9 Int+3}
   (You acquired it on level 4 of the Dungeon)

   Int:       It affects your intelligence (+3).
   MP:        It affects your magic capacity (+9).
 d - a +2 pair of boots (worn)
 k - the +0 hat of Huothugi (worn) {Contam rElec rF- Int+8}
   (You acquired it on level 4 of the Dungeon)

   Int:       It affects your intelligence (+8).
   rF:        It makes you vulnerable to fire.
   rElec:     It insulates you from electricity.
   Contam:    It causes magical contamination when unequipped.
 w - a +2 cloak (worn)
 F - the +0 pair of boots "Susiol" {+Inv rElec rC- Will- SInv}
   (You bought it in a shop on level 2 of the Orcish Mines)

   rC:        It makes you vulnerable to cold.
   rElec:     It insulates you from electricity.
   SInv:      It lets you see invisible.
   +Inv:      It lets you turn invisible.
   Will:      It decreases your willpower.
 I - a +2 pair of gloves (worn)
 L - a +4 troll leather armour (worn)
Jewellery
 a - the ring of Suspicion (right hand) {Fly rElec Str-4 Int+6 Dex-5}
   (You found it on level 10 of the Dungeon)

   [ring of intelligence]

   Str:       It affects your strength (-4).
   Int:       It affects your intelligence (+6).
   Dex:       It affects your dexterity (-5).
   rElec:     It insulates you from electricity.
   Fly:       It grants you flight.
 o - an amulet of the acrobat
 v - an amulet of magic regeneration (around neck)
 y - a +6 ring of dexterity
 K - the ring of the Ancients (left hand) {Ice *Slow rCorr Str+2 Int+8}
   (You acquired it on level 4 of the Dungeon)

   [ring of ice]

   It enhances your ice magic.
   Str:       It affects your strength (+2).
   Int:       It affects your intelligence (+8).
   rF:        It makes you vulnerable to fire.
   rC:        It protects you from cold.
   rCorr:     It protects you from acid and corrosion.
   *Slow:     It may slow you when you take damage.
 P - a +4 ring of protection
 T - an amulet of reflection
Wands
 g - a wand of digging (1)
 n - a wand of acid (5)
 J - a wand of flame (41)
 Q - a wand of polymorph (12)
 R - a wand of charming (11)
 V - a wand of iceblast (12)
 X - a wand of mindburst (10)
Scrolls
 c - 5 scrolls of fog
 e - 7 scrolls of teleportation
 f - 9 scrolls of enchant weapon
 m - 15 scrolls of identify
 p - 5 scrolls of noise
 q - 6 scrolls of silence
 t - a scroll of fear
 B - 2 scrolls of blinking
 D - 9 scrolls of magic mapping
 G - a scroll of brand weapon
 M - 5 scrolls of poison
 O - 7 scrolls of immolation
 S - 5 scrolls of amnesia
Potions
 i - 12 potions of curing
 j - 9 potions of haste
 l - 2 potions of cancellation
 r - 6 potions of mutation
 s - 7 potions of heal wounds
 u - 8 potions of brilliance
 x - 15 potions of ambrosia
 z - 5 potions of berserk rage
 C - 8 potions of lignification
 E - a potion of magic
 H - 4 potions of degeneration
 N - 4 potions of flight
 U - 2 potions of might
 Y - 3 potions of attraction {unknown}
 Z - 5 potions of invisibility {unknown}


   Skills:
 - Level 11.9 Fighting
 - Level 5.7 Long Blades
 * Level 10.0 Dodging
 - Level 5.0 Stealth
 - Level 11.5 Spellcasting
 - Level 16.0 Conjurations
 - Level 8.0 Transmutations
 - Level 19.9 Fire Magic
 - Level 5.3 Ice Magic
 - Level 12.5 Poison Magic
 - Level 5.4 Invocations


You had 22 spell levels left.
You knew the following spells:

 Your Spells              Type           Power      Damage    Failure   Level
a - Olgreb's Toxic Radia  Pois           90%        N/A       1%          4
b - Ignite Poison         Fire/Tmut/Pois 94%        N/A       1%          3
c - Ignition              Fire           56%        3d15      4%          8
d - Irradiate             Conj/Tmut      44%        3d26      1%          5

Your spell library contained the following spells:

 Spells                   Type           Power      Damage    Failure   Level
 Magic Dart               Conj           100%       1d8       0%          1
 Searing Ray              Conj           100%       2d8       0%          2
 Sticky Flame             Conj/Fire      100%       2d11      0%          4
 Freeze                   Ice            100%       1d10      1%          1
 Kiss of Death            Conj/Necr      100%       2d13      1%          1
 Sting                    Tmut/Pois      100%       1d8       1%          1
 Ensorcelled Hibernation  Hex/Ice        100%       N/A       1%          2
 Poisonous Vapours        Pois/Air       100%       N/A       1%          2
 Frozen Ramparts          Ice            100%       1d16      1%          3
 Hailstorm                Conj/Ice       100%       3d20      1%          3
 Kindle Blastsparks       Fire/Tloc/Air  100%       2d18      1%          3
 Ozocubu's Armour         Ice            79%        N/A       1%          3
 Spider Form              Tmut/Pois      82%        N/A       1%          3
 Fulminant Prism          Conj/Hex       36%        3d17      1%          4
 Ice Form                 Ice/Tmut       87%        N/A       1%          4
 Iskenderun's Mystic Bla  Conj/Tloc      73%        2d15      1%          4
 Alistair's Intoxication  Tmut/Pois      54%        N/A       1%          5
 Iskenderun's Battlesphe  Conj           100%       2d15      1%          5
 Summon Small Mammal      Summ           92%        N/A       2%          1
 Blade Hands              Tmut           37%        N/A       2%          5
 Eringya's Noxious Bog    Tmut/Pois      41%        N/A       6%          6
 Call Canine Familiar     Summ           23%        N/A       8%          3
 Confusing Touch          Hex            23%        N/A       8%          3
 Gell's Gravitas          Tloc           23%        N/A       8%          3
 Portal Projectile        Hex/Tloc       46%        N/A       8%          3
 Summon Guardian Golem    Hex/Summ       23%        N/A       8%          3
 Teleport Other           Tloc           23%        N/A       8%          3
 Tukima's Dance           Hex            23%        N/A       8%          3
 Iron Shot                Conj/Erth      36%        9d7       14%         6
 Metabolic Englaciation   Hex/Ice        31%        N/A       24%         5
 Anguish                  Hex/Necr       11%        N/A       26%         4
 Animate Dead             Necr           23%        N/A       26%         4
 Dispel Undead            Necr           23%        3d12      26%         4
 Leda's Liquefaction      Hex/Erth       11%        N/A       26%         4
 Passage of Golubria      Tloc           23%        N/A       26%         4
 Borgnjor's Vile Clutch   Necr/Erth      11%        N/A       56%         5
 Lee's Rapid Deconstruct  Erth           11%        3d8*      56%         5
 Silence                  Hex/Air        11%        N/A       56%         5
 Summon Forest            Summ/Tloc      11%        N/A       56%         5
 Statue Form              Tmut/Erth      36%        N/A       58%         6
 Dragon Form              Tmut           37%        N/A       61%         7
 Spellforged Servitor     Conj/Summ      36%        N/A       63%         7
 Simulacrum               Ice/Necr       31%        N/A       78%         6
 Fire Storm               Conj/Fire      53%        8d14      85%         9
 Death Channel            Necr           11%        N/A       98%         6
 Dispersal                Tloc           11%        N/A       98%         6
 Lehudib's Crystal Spear  Conj/Erth      36%        10d9      99%         8
 Summon Hydra             Summ           11%        N/A       100%        7
 Chain Lightning          Conj/Air       36%        3d48      100%        9
 Shatter                  Erth           11%        3d12*     100%        9


Dungeon Overview and Level Annotations

Branches:
Dungeon (15/15)            Temple (1/1) D:6            Lair (5/5) D:9
 Shoals (4/4) Lair:2       Spider (4/4) Lair:3        Slime (0/5) Lair:5
    Orc (2/2) D:10            Elf (0/3) Orc:2        Vaults (4/5) D:13
 Depths (0/4) D:15
  Crypt: Vaults:2-3

Altars:
Ashenzari
Cheibriados
Dithmenos
Elyvilon
Fedhas
Gozag
Hepliaklqana
Kikubaaqudgha
Makhleb
Nemelex Xobeh
Okawaru
Qazlal
Ru
Sif Muna
Trog
Uskayaw
Vehumet
Wu Jian
Xom
Yredelemnul
Zin
The Shining One
Jiyva

Shops:
D:4 :   Orc:1 ***   Orc:2 =(*[   Shoals:1 (!   Vaults:4 *

Portals:
Hell: Lair:5

Annotations:
D:12 1 exclusion
Shoals:3 2 transporters, exclusion: orange crystal statue


Message History

Hilda hits the peacekeeper with a +0 broad axe of flaming!
Hilda burns the peacekeeper.
Hilda hits the war gargoyle with a +0 broad axe of flaming.
Hilda burns the war gargoyle.
The war gargoyle is destroyed!
The peacekeeper hurls a volley of spikes at you.
The volley of spikes misses you.
The crystal guardian fires a crystalline bolt at you.
The crystal bolt burns Hilda!
Hilda resists.
The crystal bolt burns you!! The fire burns you terribly!
Your Dodging skill increases to level 10!
Casting: Ignition (dangerous; 4% risk of failure)
Confirm with . or Enter, or press ? or * to list all spells.
Casting: Ignition (dangerous; 4% risk of failure)
Press: ? - help, Dir - look around, f - activate The air bursts into flame!
The fireball engulfs the peacekeeper!
The peacekeeper resists.
You destroy the peacekeeper!
The fireball engulfs the crystal guardian.
The crystal guardian completely resists.
You hear a shout! x2
The crystal guardian fires a crystalline bolt at you.
The crystal bolt burns Hilda!!
Hilda resists.
The crystal bolt burns you!!! The fire burns you terribly!
Casting: Ignition (dangerous; 4% risk of failure)
Confirm with . or Enter, or press ? or * to list all spells.
Casting: Ignition (dangerous; 4% risk of failure)
Press: ? - help, Dir - look around, f - activate The air bursts into flame!
The fireball engulfs the crystal guardian.
The crystal guardian completely resists.
You hear a shout!
Hilda hits the crystal guardian but does no damage.
The crystal guardian fires a crystalline bolt at you.
The crystal bolt burns Hilda!
Hilda resists.
The crystal bolt burns you!!! The fire burns you terribly!
You die...

.#....# #....#.....
.#....###....#.....
.###.......###..... .# #.......#
#..9.# .###''###'####..R.#
...#.......#....).#
..=#.......#......#
...#.......#......#
...#.......#....@.#
...#.......#......#
...#.......#......##########..
...#.......#...................
...#.......#....................
...#.......#....................#
...#.......#................[...#
...#.......#....................#
...#.......#....................#


You could see the friendly Hilda the knight (fast, reflecting) and a crystal
guardian (strong, ally target).

Vanquished Creatures
  Nikola (Shoals:1)
  Jorgrun (Orc:2)
  4 krakens
  Polyphemus (Shoals:4)
  Gastronok (Lair:3)
  A sphinx (Vaults:4)
  A tengu reaver (Vaults:4)
  2 orc warlords
  2 ghost moths (Spider:4)
  3 vault wardens
  2 emperor scorpions
  5 ironbound preservers
  A very ugly thing (Vaults:1)
  4 dire elephants
  5 merfolk javelineers
  7 merfolk impalers
  Josephine (Lair:3)
  A great orb of eyes (Vaults:4)
  5 yaktaur captains
  Fannar (D:10)
  5 entropy weavers
  Harold (Lair:1)
  2 vault guards (Vaults:4)
  A peacekeeper (Vaults:4)
  4 hydras
  3 catoblepae
  A merfolk avatar (Shoals:4)
  3 ironbound frosthearts
  A radroach (Spider:2)
  2 two-headed ogres
  3 centaur warriors
  4 boulder beetles
  A satyr (Shoals:2)
  3 merfolk aquamancers (Shoals:4)
  14 death yaks
  5 orc high priests
  Urug (D:13)
  5 pharaoh ants
  3 sea snakes
  3 skeletal warriors
  A glowing orange brain (Vaults:1)
  26 deep trolls
  3 steelbarb worms (Spider:1)
  5 orb spiders
  3 wizards
  11 orc knights
  Pikel (D:7)
  2 deep elf pyromancers
  5 ironbound convokers
  2 lindwurms
  14 wolf spiders
  15 ugly things
  6 orc sorcerers
  10 harpies
  A shining eye (shapeshifter) (D:14)
  3 cyclopes (D:13)
  2 moths of wrath
  A cyclops (shapeshifter) (Vaults:1)
  12 elephants
  8 manticores
  6 fauns (Shoals:1)
  3 water nymphs
  6 merfolk sirens
  8 vault sentinels
  2 torpor snails
  A black mamba (Lair:2)
  5 cane toads
  2 orange demons (Lair:5)
  4 rime drakes
  2 demonic crawlers
  8 yaktaurs
  A freezing wraith (D:14)
  2 tengu conjurers
  4 komodo dragons
  A queen bee (D:10)
  4 trolls
  23 merfolk
  2 meliai (Spider:4)
  14 slime creatures
  16 tarantellas
  6 wind drakes
  A hornet (D:11)
  3 polar bears
  20 blink frogs
  3 snapping turtles
  23 culicivoras
  34 jumping spiders
  2 water elementals
  3 wraiths
  2 wyverns
  A fire bat (D:12)
  33 yaks
  Eustachio (D:6)
  4 hogs (Lair:3)
  16 humans (D:13)
  4 basilisks
  3 vampire mosquitoes
  30 redbacks
  A steam dragon (D:9)
  3 wargs
  A hell hound (Lair:5)
  5 water moccasins
  26 orc warriors
  An ice beast (D:7)
  2 ogres
  4 wolves (Lair:4)
  3 centaurs
  A lemure (D:7)
  2 kobold brigands (D:8)
  8 bullfrogs
  4 scorpions
  2 gnoll sergeants
  29 killer bees
  An electric eel (Lair:3)
  5 howler monkeys
  3 hounds
  Crazy Yiuf (D:6)
  2 jellies
  13 orc priests
  Terence (D:3)
  15 orc wizards
  4 adders
  7 gnolls
  A shadow imp (D:6)
  2 white imps
  An ufetubus (Vaults:1)
  A worm (D:3)
  2 dart slugs
  85 orcs
  6 ball pythons
  13 bats
  4 endoplasms
  3 giant cockroaches
  4 goblins
  4 hobgoblins
  2 jackals (D:2)
  3 quokkas
  3 frilled lizards
  10 kobolds
  5 rats
  5 tentacles
846 creatures vanquished.

Vanquished Creatures (collateral kills)
  Saint Roka (Vaults:1)
  Kirke (Lair:3)
  Roxanne (Shoals:4)
  3 vault wardens
  3 emperor scorpions
  2 ghost moths (Spider:4)
  An orc warlord (Vaults:1)
  3 war gargoyles
  4 ironbound preservers
  The ghost of billz999 the Skirmisher, a journeyman GnHu of Hepliaklqana (Lair:5)
  An ironbound thunderhulk (Vaults:4)
  3 dire elephants
  A yaktaur captain (Vaults:1)
  A vault guard (Vaults:1)
  2 entropy weavers
  4 hydras
  A peacekeeper (Vaults:2)
  A jorogumo (Spider:4)
  3 ironbound frosthearts
  2 centaur warriors
  3 death yaks
  A two-headed ogre (D:12)
  A tengu warrior (Shoals:4)
  Amaemon (D:8)
  5 pharaoh ants
  2 sun moths
  A sixfirhy (Lair:5)
  7 deep trolls
  6 skeletal warriors
  3 steelbarb worms
  A wizard (Vaults:4)
  An obsidian statue (D:10)
  3 orc knights
  6 wolf spiders
  3 ugly things
  A faun (Shoals:1)
  A cyclops (Orc:2)
  A salamander (D:15)
  5 manticores
  6 elephants
  A moth of wrath (Spider:1)
  3 merfolk sirens
  2 black mambas
  A gargoyle (D:11)
  2 vault sentinels
  7 cane toads
  A water nymph (Shoals:4)
  An orange demon (D:8)
  3 rime drakes (Lair:5)
  2 unseen horrors
  12 demonic crawlers
  3 yaktaurs (D:15)
  2 tengu conjurers (D:14)
  3 ice devils (Lair:5)
  A red devil (Lair:5)
  2 komodo dragons
  A hellwing (Lair:5)
  2 trolls
  A queen bee (shapeshifter) (D:15)
  A hornet (D:8)
  A meliai (Spider:4)
  3 merfolk
  2 tarantellas
  A wind drake (shapeshifter) (Vaults:1)
  7 slime creatures
  2 snapping turtles (Shoals:1)
  9 blink frogs
  A fire giant simulacrum (Vaults:1)
  A shadow (D:9)
  4 culicivoras
  3 jumping spiders
  4 wyverns
  2 water elementals
  A hog (Lair:3)
  6 wraiths
  3 yaks
  A vampire (D:9)
  3 fire bats (D:12)
  A basilisk (Lair:2)
  2 vampire mosquitoes (D:14)
  9 redbacks
  2 wargs (Orc:1)
  Menkaure (D:6)
  3 acid dragons
  3 hell hounds
  4 water moccasins
  2 ice beasts
  8 orc warriors
  2 ogres
  A centaur (D:15)
  A lemure (D:7)
  3 bullfrogs
  2 necrophages
  A killer bee (D:9)
  3 orc priests
  A jelly (D:5)
  An iguana (D:6)
  6 orc wizards
  5 gnolls
  2 adders (D:3)
  A shadow imp (D:8)
  A worm (D:3)
  19 orcs
  A bat (D:3)
  An endoplasm (D:4)
  A giant cockroach (D:6)
  2 goblins (D:3)
  2 hobgoblins (D:3)
  2 jackals (D:2)
  2 quokkas (D:6)
  A frilled lizard (D:1)
  4 kobolds (D:8)
  A butterfly (Lair:1)
  A fire vortex (D:12)
304 creatures vanquished.

Vanquished Creatures (others)
  2 centaur warriors
  An orc knight (Vaults:1)
  2 yaktaurs (D:15)
  An orc warrior (Vaults:1)
  An orc wizard (Orc:1)
  20 knights
  2 fire vortices (D:12)
  15 fungi
  89 plants
  14 tentacles
147 creatures vanquished.

Grand Total: 1297 creatures vanquished

Notes
Turn   | Place    | Note
-------+----------+-------------------------------------------
     0 | D:5      | blackman the Human Delver began the quest for the Orb.
     0 | D:5      | Reached XP level 1. HP: 18/18 MP: 1/1
    25 | D:5      | Noticed a scorpion
    42 | D:5      | Killed a scorpion
    43 | D:5      | Reached XP level 2. HP: 10/24 MP: 2/2
    43 | D:5      | Reached XP level 3. HP: 12/29 MP: 3/3
    43 | D:5      | Reached XP level 4. HP: 15/35 MP: 4/4
   278 | D:5      | Noticed a scorpion
   287 | D:5      | Killed a scorpion
   288 | D:5      | Reached skill level 5 in Long Blades
   288 | D:5      | Reached XP level 5. HP: 28/41 MP: 5/5
   364 | D:6      | Noticed Eustachio
   398 | D:6      | Found a staircase to the Ecumenical Temple.
   441 | Temple   | Entered the Ecumenical Temple
   621 | Temple   | Became a worshipper of Hepliaklqana the Forgotten
   676 | D:6      | Noticed a bullfrog
   760 | D:5      | Reached XP level 6. HP: 25/47 MP: 6/6
   869 | D:4      | Reached skill level 1 in Spellcasting
  1270 | D:1      | Reached * piety under Hepliaklqana
  2300 | D:2      | Reached ** piety under Hepliaklqana
  2301 | D:2      | Remembered your ancestor Hilda as a knight
  2863 | D:3      | Reached skill level 1 in Conjurations
  3052 | D:3      | Noticed Terence
  3059 | D:3      | Killed Terence
  3060 | D:3      | Reached XP level 7. HP: 46/46 MP: 10/10
  3474 | D:3      | Found a faded altar of an unknown god.
  3869 | D:4      | Identified a scroll of acquirement
  3871 | D:4      | Acquired the +1 buckler of the Sturgeon {MP+9 Int+3}
  4178 | D:4      | Found Kinooso's Book Shop.
  4241 | D:4      | Reached *** piety under Hepliaklqana
  4657 | D:4      | Acquired the ring of the Ancients {Ice *Slow rCorr Str+2
                  | Int+8}
  4660 | D:4      | Acquired the +0 hat of Huothugi {Contam rElec rF- Int+8}
  4764 | D:5      | Reached skill level 1 in Fire Magic
  4776 | D:5      | Reached skill level 2 in Fire Magic
  5105 | D:6      | Reached skill level 1 in Ice Magic
  5176 | D:6      | Reached XP level 8. HP: 51/52 MP: 11/11
  5268 | D:6      | Noticed Menkaure
  5278 | D:6      | Killed Menkaure
  5279 | D:6      | Reached skill level 5 in Ice Magic
  5413 | D:6      | Reached skill level 1 in Poison Magic
  5521 | D:6      | Killed Eustachio
  5630 | D:6      | Found a runed translucent door.
  5633 | D:6      | Noticed Crazy Yiuf
  5637 | D:6      | Killed Crazy Yiuf
  5823 | D:7      | Reached XP level 9. HP: 32/56 MP: 12/12
  5920 | D:7      | Reached skill level 5 in Poison Magic
  6002 | D:7      | Identified the +7 dagger of Unamnuj {elec, Fly Will- rCorr}
  6106 | D:7      | Learned a level 4 spell: Olgreb's Toxic Radiance
  6233 | D:7      | Noticed Pikel
  6248 | D:7      | Killed Pikel
  6249 | D:7      | Reached XP level 10. HP: 63/63 MP: 13/13
  6343 | D:7      | Found a snail-covered altar of Cheibriados.
  6346 | D:7      | Reached **** piety under Hepliaklqana
  6779 | D:8      | Reached skill level 10 in Poison Magic
  7067 | D:8      | Noticed Amaemon
  7068 | D:8      | Noticed an orange demon
  7096 | D:8      | Killed Amaemon
  7108 | D:8      | Killed an orange demon
  7680 | D:9      | Found a glowing golden altar of the Shining One.
  7687 | D:9      | Found a broken altar of Ashenzari.
  7757 | D:9      | Noticed a death yak
  7771 | D:9      | Noticed a death yak
  7775 | D:9      | Noticed a death yak
  8005 | D:9      | Reached XP level 11. HP: 51/67 MP: 14/14
  8101 | D:10     | Entered Level 10 of the Dungeon
  8223 | D:9      | Noticed a death yak
  8223 | D:9      | Noticed a death yak
  8332 | D:4      | Bought an Everburning Encyclopedia for 360 gold pieces
  8487 | D:9      | Found a staircase to the Lair.
  8500 | Lair:1   | Entered Level 1 of the Lair of Beasts
  8500 | Lair:1   | Reached ***** piety under Hepliaklqana
  8541 | Lair:1   | Learned a level 3 spell: Ignite Poison
  8551 | Lair:1   | Reached skill level 3 in Fire Magic
  8609 | Lair:1   | Reached skill level 5 in Fire Magic
  9090 | Lair:1   | Noticed Harold
  9102 | Lair:1   | Killed Harold
  9103 | Lair:1   | Reached skill level 6 in Fire Magic
  9377 | Lair:2   | Reached skill level 7 in Fire Magic
  9573 | Lair:2   | Noticed a catoblepas
  9582 | Lair:2   | Killed a catoblepas
  9583 | Lair:2   | Reached skill level 8 in Fire Magic
  9762 | Lair:2   | Noticed a manticore
  9767 | Lair:2   | Killed a manticore
  9768 | Lair:2   | Reached skill level 9 in Fire Magic
  9848 | Lair:2   | Found a staircase to the Shoals.
 10390 | Lair:3   | Found a hole to the Spider Nest.
 10393 | Lair:3   | Reached skill level 1 in Transmutations
 10394 | Lair:3   | Reached XP level 12. HP: 72/72 MP: 12/15
 10522 | Lair:3   | Noticed Kirke
 10535 | Lair:3   | Killed Kirke
 10536 | Lair:3   | Reached skill level 5 in Transmutations
 10856 | Lair:3   | Noticed Gastronok
 10864 | Lair:3   | Killed Gastronok
 10865 | Lair:3   | Reached skill level 10 in Fire Magic
 11191 | Lair:3   | Noticed Josephine
 11196 | Lair:3   | Killed Josephine
 11369 | Lair:3   | Noticed a death yak
 11373 | Lair:3   | Noticed a death yak
 11373 | Lair:3   | Noticed a death yak
 11373 | Lair:3   | Noticed a death yak
 11373 | Lair:3   | Noticed a death yak
 11378 | Lair:3   | Killed a death yak
 11378 | Lair:3   | Killed a death yak
 11379 | Lair:3   | Reached skill level 11 in Fire Magic
 11379 | Lair:3   | Killed a death yak
 11379 | Lair:3   | Killed a death yak
 11380 | Lair:3   | Reached skill level 12 in Fire Magic
 11380 | Lair:3   | Killed a death yak
 11381 | Lair:3   | Reached XP level 13. HP: 77/77 MP: 4/16
 11528 | Lair:3   | Reached skill level 13 in Fire Magic
 11739 | Lair:3   | Noticed a four-headed hydra
 11753 | Lair:3   | Killed a four-headed hydra
 12118 | Lair:4   | Reached skill level 14 in Fire Magic
 12407 | Lair:4   | Noticed a catoblepas
 12413 | Lair:4   | Killed a catoblepas
 12555 | Lair:4   | Reached skill level 5 in Spellcasting
 12715 | Lair:4   | Noticed a six-headed hydra
 13011 | D:9      | Reached XP level 14. HP: 27/83 MP: 20/24
 13369 | D:10     | Found an ornate altar of the Wu Jian Council.
 13373 | D:10     | Found a basalt altar of Yredelemnul.
 13375 | D:10     | Found a bloodstained altar of Trog.
 13377 | D:10     | Found a sacrificial altar of Ru.
 13377 | D:10     | Found a shimmering altar of Xom.
 13378 | D:10     | Found a radiant altar of Vehumet.
 13384 | D:10     | Found a shadowy altar of Dithmenos.
 13544 | D:10     | Found a staircase to the Orcish Mines.
 13821 | D:10     | Noticed Fannar
 13830 | D:10     | Killed Fannar
 14024 | D:10     | Reached skill level 1 in Invocations
 14368 | D:10     | Identified the ring of Suspicion {Fly rElec Str-4 Int+6
                  | Dex-5}
 14736 | Orc:1    | Entered Level 1 of the Orcish Mines
 14760 | Orc:1    | Reached skill level 5 in Invocations
 14929 | Orc:1    | Found Gucoulel's General Store.
 14930 | Orc:1    | Found Ziunie's Specific Store.
 14980 | Orc:2    | Entered Level 2 of the Orcish Mines
 15071 | Orc:2    | Found a staircase to the Elven Halls.
 15368 | Orc:2    | Reached skill level 15 in Fire Magic
 15499 | Orc:2    | Found Uredoo's Jewellery Shoppe.
 15499 | Orc:2    | Found Jidghick's Weapon Boutique.
 15503 | Orc:2    | Found Suwef's Armour Boutique.
 15503 | Orc:2    | Found Ygaes's Assorted Antiques.
 15673 | Orc:2    | Noticed Jorgrun
 15685 | Orc:2    | Killed Jorgrun
 16231 | Orc:1    | Noticed an orc warlord
 16235 | Orc:1    | Reached XP level 15. HP: 67/88 MP: 28/28
 16237 | Orc:1    | Killed an orc warlord
 16446 | Orc:1    | Found Qutil's General Store.
 16588 | Orc:2    | Bought an amulet of magic regeneration for 420 gold pieces
 16727 | D:10     | Reached skill level 16 in Fire Magic
 16747 | D:10     | Learned a level 8 spell: Ignition
 16753 | D:10     | Learned a level 5 spell: Irradiate
 17476 | Lair:4   | Reached skill level 5 in Conjurations
 17757 | Lair:5   | Entered Level 5 of the Lair of Beasts
 17917 | Lair:5   | Found a viscous altar of Jiyva.
 17924 | Lair:5   | Found a staircase to the Slime Pits.
 18284 | Lair:5   | Found a runed translucent gate.
 18285 | Lair:5   | Found a runed translucent gate.
 18286 | Lair:5   | Found a runed translucent gate.
 18448 | Lair:5   | Noticed billz999's ghost (journeyman GnHu)
 18709 | Lair:5   | Reached skill level 17 in Fire Magic
 18734 | Lair:5   | Reached XP level 16. HP: 93/93 MP: 29/29
 18736 | Lair:5   | Found a burning altar of Makhleb.
 18809 | Lair:5   | Found a gateway to Hell.
 18816 | Lair:5   | Identified the +7 lajatang "Ogreslayer" {vorpal, Fragile
                  | Will+ Str+5}
 19110 | Lair:5   | Killed billz999's ghost
 19209 | Spider:1 | Entered Level 1 of the Spider Nest
 19360 | Spider:1 | Reached skill level 18 in Fire Magic
 19690 | Spider:1 | Noticed an emperor scorpion
 19701 | Spider:1 | Killed an emperor scorpion
 19734 | Spider:1 | Reached skill level 19 in Fire Magic
 21046 | Spider:2 | Reached XP level 17. HP: 98/98 MP: 30/30
 21413 | Spider:3 | Identified the +8 demon blade of Insomnia {freeze, Str-5
                  | Int+2 Stlth+}
 21518 | Spider:3 | Reached skill level 10 in Spellcasting
 21870 | Spider:4 | Entered Level 4 of the Spider Nest
 22640 | D:4      | Bought a book of Annihilations for 600 gold pieces
 22855 | Orc:2    | Bought the +0 pair of boots "Susiol" {+Inv rElec rC- Will-
                  | SInv} for 203 gold pieces
 24272 | Spider:4 | Got a gossamer rune of Zot
 24418 | Shoals:1 | Entered Level 1 of the Shoals
 24431 | Shoals:1 | Reached skill level 10 in Conjurations
 24537 | Shoals:1 | Found Uclus's Distillery.
 24544 | Shoals:1 | Found Usyer's Antique Weapon Shop.
 24770 | Shoals:1 | Identified the -2 pair of gloves of the Monkey's Uncle
                  | {Harm}
 24770 | Shoals:1 | Noticed Nikola
 24787 | Shoals:1 | Killed Nikola
 24788 | Shoals:1 | Reached XP level 18. HP: 69/103 MP: 21/33
 24977 | Shoals:1 | Noticed a kraken
 24988 | Shoals:1 | Killed a kraken
 25084 | Shoals:1 | You are sucked into a shaft and drop 1 floor!
 26297 | Shoals:3 | Found a transporter.
 26299 | Shoals:3 | Noticed a kraken
 26305 | Shoals:3 | Killed a kraken
 26979 | Shoals:3 | Identified the +7 chain mail "Juogov" {*Corrode rF+++
                  | Will++ Dex-2}
 27445 | Shoals:3 | Found a transporter.
 27598 | Shoals:4 | Entered Level 4 of the Shoals
 27668 | Shoals:4 | Noticed Roxanne
 27689 | Shoals:4 | Killed Roxanne
 27882 | Shoals:4 | Noticed a kraken
 27887 | Shoals:4 | Killed a kraken
 27891 | Shoals:4 | Noticed a kraken
 27905 | Shoals:4 | Killed a kraken
 28116 | Shoals:4 | Noticed Polyphemus
 28125 | Shoals:4 | Killed Polyphemus
 28467 | Shoals:4 | Got a barnacled rune of Zot
 28583 | Shoals:4 | Reached skill level 15 in Conjurations
 28808 | D:12     | Reached ****** piety under Hepliaklqana
 29410 | D:13     | Noticed Urug
 29410 | D:13     | Found a gate to the Vaults.
 29412 | D:13     | Killed Urug
 29413 | D:13     | Reached XP level 19. HP: 108/108 MP: 31/34
 30589 | D:15     | Entered Level 15 of the Dungeon
 30729 | D:15     | Reached skill level 5 in Fighting
 30927 | D:15     | Found a staircase to the Depths.
 30962 | D:15     | Found an iron altar of Okawaru.
 31439 | Vaults:1 | Entered Level 1 of the Vaults
 31691 | Vaults:1 | Noticed Saint Roka
 31701 | Vaults:1 | Killed Saint Roka
 31838 | Vaults:1 | Identified the +8 trident "Mailoets" {speed, rPois rN+
                  | Str+4 Dex+5}
 31941 | Vaults:1 | Reached skill level 10 in Fighting
 32145 | Vaults:1 | Reached XP level 20. HP: 99/135 MP: 7/35
 33754 | Vaults:2 | Reached skill level 5 in Dodging
 34235 | Vaults:2 | You are sucked into a shaft and drop 2 floors!
 34385 | Vaults:4 | Found Xirusext's General Store.
 34753 | Vaults:4 | Reached skill level 10 in Dodging
 34754 | Vaults:4 | Killed from afar by a crystal guardian

Illustrated notes

Levels and vault maps discovered:
D:1:      dpeg_arrival_radiant, layout_basic
D:2:      layout_basic
D:3:      layout_basic, hellmonk_ecumenical_altar_inner_sanctum,
          chequers_serial_rivers_small_b,
          nicolae_concentric_dashed_squares_wild, minmay_goblin_kobold_house,
          uniq_terence
D:4:      layout_layer_cave, serial_shops, shop
D:5:      layout_basic
D:6:      layout_loops_ring, minmay_temple_entry_statues_pillars,
          gup_sewer_entry_pipe, uniq_menkaure, uniq_crazy_yiuf_cottage,
          uniq_eustachio
D:7:      layout_loops_corners, lemuel_round_altar, uniq_pikel
D:8:      layout_loops_ring, uniq_amaemon
D:9:      layout_rooms, mainiacjoe_overflow_big_doors, dpeg_lair_monsters,
          eino_small_chamber_without_monster
D:10:     layout_roguey [special_room_bee],
          nicolae_overflow_hallway_of_the_gods, david_orc_4,
          minmay_statue_bubble, uniq_fannar
D:11:     layout_big_octagon, grunt_ministairs_9, roderic_batcave
D:12:     layout_cave_pools, st_stairs_12, hangedman_incinerator
D:13:     layout_rooms, david_vaults_3
D:14:     layout_stronghold, serial_column_ruins, column_ruins_circle_small,
          column_ruins_corridor_T, column_ruins_open_large, column_ruins_grid_1,
          column_ruins_columns_straight, hangedman_decor_diamond_cutter,
          kennysheep_generic_room_10
D:15:     hangedman_depths_entry_try_elsewhere_first, layout_gridville,
          special_room [special_room_orc], old_standard_altar,
          minmay_misc_feat_tower
Temple:   hellmonk_temple_flake
Lair:1:   layout_regular_city, lemuel_fruit_fields, uniq_harold
Lair:2:   layout_loops_ring, minmay_shoals_entry_beasts
Lair:3:   layout_long_grid, nicolae_spider_entry_tight_spaces,
          infiniplex_staircase_pool, uniq_gastronok, uniq_josephine, uniq_kirke
Lair:4:   beast_lair_carwin_large_1, layout_small_grid
Lair:5:   evil_forest, layout_cave_pods, dpeg_slime_entry_corner,
          gammafunk_ghost_split
Shoals:1: layout_shoals, serial_shops, shop, shop_statue, uniq_nikola
Shoals:2: layout_shoals
Shoals:3: gammafunk_sealed_arena, layout_shoals
Shoals:4: shoals_end_simple, layout_shoals, kb_tengu_band, uniq_polyphemus,
          uniq_roxanne
Spider:1: nicolae_spider_mines_2, nicolae_spider_webs_and_nodes,
          hellmonk_narrow_tunnel
Spider:2: layout_cave_pods
Spider:3: layout_spider_delve
Spider:4: grunt_spider_rune_island, hangedman_spider_tarantella_strand
Orc:1:    layout_caves, serial_shops, nicolae_lakefront_shop,
          nicolae_specific_store
Orc:2:    grunt_orc_tribal_feast, layout_caves, basic_altar,
          lightli_orcish_oven, uniq_jorgrun
Vaults:1: serial_ice_m, vaults_dpeg_doors, vaults_room_grunt_arrival_ludios,
          hangedman_vaults_hat, nicolae_vaults_quadrants,
          vaults_standard_mumra_x, hangedman_vaults_nails, grunt_vaults_bifocal,
          hangedman_vaults_cutoff, nicolae_vaults_little_squares_2,
          vaults_room_door_hall, hangedman_vaults_corner_blocks,
          layout_vaults_ring, uniq_saint_roka
Vaults:2: nicolae_vaults_circle_grid_a, dpeg_vaults_monster_box,
          hangedman_vaults_nails, minmay_crypt_entry_nasty_monster,
          nicolae_vaults_shelves_hall, vaults_dpeg_emergency_exit,
          vaults_room_stairs_pillars, vaults_dpeg_ring, layout_vaults_quadrants,
          serial_shops, shop
Vaults:4: vaults_mumra_minichess_inversion, nicolae_vaults_disjoint_gnomons,
          v_misc_22, st_smaller_cells, v_rooms_3, v_misc_28,
          vaults_dpeg_encased_lava, hangedman_vaults_cutoff,
          layout_vaults_chaotic_city, serial_shops, nicolae_shop_trees

Skill      XL: |  1  2  3  4  5  6  7  8  9 10 11 12 13 14 15 16 17 18 19 20 |
---------------+-------------------------------------------------------------+-----
Long Blades    | 4 5 |  5.7
Spellcasting   | 2 7 9 11 | 11.5
Conjurations   | 2 3 7 11 15 16 | 16.0
Fire Magic     | 2 9 12 14 15 17 19 | 19.9
Ice Magic      | 3 5 |  5.3
Poison Magic   | 4 8 12 | 12.5
Transmutations | 2 6 8 |  8.0
Invocations    | 5 |  5.4
Fighting       | 11 | 11.9
Dodging        | 10 | 10.0
Stealth        | |  5.0

Action                   |  1- 3 |  4- 6 |  7- 9 | 10-12 | 13-15 | 16-18 | 19-21 || total
-------------------------+-------+-------+-------+-------+-------+-------+-------++-------
Melee: Falchion          |     1 |   160 |       |       |       |       |       ||   161
       Punch             |       |     4 |       |       |       |       |       ||     4
       Spear             |       |    39 |   211 |   273 |   298 |   310 |   202 ||  1333
Throw: Dart              |     6 |    13 |       |       |       |       |       ||    19
       Throwing net      |       |       |       |       |       |     5 |     2 ||     7
 Cast: Olgreb's Toxic Ra |       |       |       |    32 |    89 |   172 |    75 ||   368
       Ignite Poison     |       |       |       |    19 |    79 |   146 |    60 ||   304
       Irradiate         |       |       |       |       |     6 |    14 |       ||    20
       Ignition          |       |       |       |       |       |    48 |    63 ||   111
Invok: Ancestor Life: Kn |       |     1 |       |       |       |       |       ||     1
       Ancestor Identity |       |       |     1 |       |       |       |       ||     1
       Recall Ancestor   |       |       |       |     2 |     6 |     5 |     2 ||    15
       Idealise          |       |       |       |     1 |     6 |     3 |     3 ||    13
       Transference      |       |       |       |       |     6 |     2 |     2 ||    10
Evoke: Wand              |       |     2 |       |       |     2 |       |       ||     4
  Use: Potion            |       |     2 |       |     1 |     2 |     8 |       ||    13
       Scroll            |       |     2 |    11 |     1 |    22 |     7 |     2 ||    45
 Stab: Sleeping          |       |    16 |     2 |       |     2 |     3 |     3 ||    26
       Distracted        |       |       |     3 |     5 |     6 |     2 |     6 ||    22
Armor: Leather armour    |       |    48 |    10 |       |       |       |       ||    58
       Chain mail        |       |       |    73 |   144 |    80 |       |       ||   297
       Troll leather arm |       |       |       |       |    43 |   236 |    64 ||   343
Dodge: Dodged            |     1 |   135 |    56 |    55 |    82 |   162 |    61 ||   552
       Repelled          |       |     1 |       |       |     5 |       |       ||     6
Block: Buckler           |       |       |    24 |    46 |    44 |    41 |    25 ||   180

Table legend: (Time is in decaauts)
 A = Elapsed time spent in this place.
 B = Non-inter-level travel time spent in this place.
 C = Inter-level travel time spent in this place.
 D = Time resting spent in this place.
 E = Time spent auto-exploring this place.
 F = Levels seen in this place.
 G = Mean time per level.
                   A        B        C        D        E       F      G
               +--------+--------+--------+--------+--------+-----+--------+
         Total |  35112 |  31644 |   3468 |   2458 |  23236 |  34 | 1032.7 |
       Dungeon |  13948 |  12234 |   1714 |    480 |   9195 |  15 |  929.9 |
        Temple |    189 |    153 |     36 |      0 |    139 |   1 |  189.0 |
          Lair |   6740 |   6122 |    618 |    175 |   4918 |   5 | 1348.0 |
        Shoals |   4253 |   3875 |    378 |    818 |   2495 |   4 | 1063.2 |
   Spider Nest |   4615 |   4282 |    333 |    438 |   2886 |   4 | 1153.8 |
  Orcish Mines |   2036 |   1682 |    354 |     78 |   1350 |   2 | 1018.0 |
        Vaults |   3329 |   3296 |     33 |    468 |   2252 |   3 | 1109.7 |
               +--------+--------+--------+--------+--------+-----+--------+

Top non-repeatable levels by time:
  Lair:3: 2089 daAuts
Vaults:1: 1742 daAuts
Shoals:2: 1650 daAuts
Spider:4: 1577 daAuts
    D:10: 1565 daAuts
   Orc:2: 1468 daAuts
  Lair:5: 1436 daAuts
     D:4: 1252 daAuts
Spider:2: 1249 daAuts
     D:7: 1204 daAuts
     D:3: 1191 daAuts
  Lair:2: 1119 daAuts
  Lair:1: 1068 daAuts
Vaults:2: 1065 daAuts
     D:8: 1039 daAuts
